MLB
BALTIMORE ORIOLES @ LOS ANGELES ANGELS
07/28/2019
 
TOP OF THE 1ST
Baltimore Orioles batting - Pitching for Los Angeles Angels : RHP Carlos Martinez
Pitching: RHP Carlos Martinez
Batting: RHB Orlando Arcia 0-0: Called Strike
0-1: Ball
1-1: Ball
2-1: Swinging Strike
2-2: Foul Ball, location: 2F
2-2: Strikes out swinging
Batting: RHB Albert Almora 0-0: Called Strike
0-1: Ground out 1-3 (Groundball, 23, EV 74.4 MPH)
Batting: LHB Joey Votto 0-0: Ball
1-0: Foul Ball, location: 2F
1-1: Fly out, F8 (Flyball, 8LXD, EV 106.9 MPH)
Top of the 1st over - 0 runs, 0 hits, 0 errors, 0 left on base; Baltimore 0 - Los Angeles 0
BOTTOM OF THE 1ST
Los Angeles Angels batting - Pitching for Baltimore Orioles : LHP Cole Hamels
Pitching: LHP Cole Hamels
Batting: RHB Wil Myers 0-0: Ground out 6-3 (Groundball, 6, EV 88.8 MPH)
Batting: LHB Nick Markakis 0-0: Ball
1-0: Ball
2-0: Fly out, F9 (Line Drive, 9, EV 102.5 MPH)
Batting: RHB Wilmer Flores 0-0: Called Strike
0-1: Fly out, F7 (Flyball, 78M, EV 93.1 MPH)
Bottom of the 1st over - 0 runs, 0 hits, 0 errors, 0 left on base; Baltimore 0 - Los Angeles 0
TOP OF THE 2ND
Baltimore Orioles batting - Pitching for Los Angeles Angels : RHP Carlos Martinez
Batting: LHB Daniel Murphy 0-0: Ball
1-0: Foul Ball, location: 2F
1-1: Fly out, F9 (Line Drive, 9D, EV 105.6 MPH)
Batting: RHB Andrew McCutchen 0-0: Hit by Pitch
Batting: LHB Nomar Mazara 0-0: Ball
1-0: Ball
2-0: Called Strike
2-1: Called Strike
2-2: Ball
3-2: Foul Ball, location: 2F
3-2: Foul Ball, location: 2F
3-2: Base on Balls
Andrew McCutchen to second
Batting: RHB Maikel Franco 0-0: Swinging Strike
0-1: Ball
1-1: Ball
2-1: Fielders Choice at 2nd, 2-4 (Groundball, 15S, EV 69.4 MPH)
Andrew McCutchen to third
Batting: SHB Dexter Fowler 0-0: Ball
1-0: Called Strike
1-1: Ball
2-1: Swinging Strike
2-2: Strikes out swinging
Top of the 2nd over - 0 runs, 0 hits, 0 errors, 2 left on base; Baltimore 0 - Los Angeles 0
BOTTOM OF THE 2ND
Los Angeles Angels batting - Pitching for Baltimore Orioles : LHP Cole Hamels
Batting: RHB Trevor Story 0-0: Fly out, F7 (Flyball, 7S, EV 92.5 MPH)
Batting: RHB Evan Longoria 0-0: Called Strike
0-1: Called Strike
0-2: Foul Ball, location: 2F
0-2: Strikes out swinging
Batting: LHB Joey Wendle 0-0: Called Strike
0-1: Hit by Pitch
Batting: RHB Kevin Pillar 0-0: Ball
1-0: Called Strike
1-1: Fly out, F9 (Flyball, 89D, EV 92.5 MPH)
Bottom of the 2nd over - 0 runs, 0 hits, 0 errors, 1 left on base; Baltimore 0 - Los Angeles 0
TOP OF THE 3RD
Baltimore Orioles batting - Pitching for Los Angeles Angels : RHP Carlos Martinez
Batting: RHB Rene Rivera 0-0: Called Strike
0-1: Foul Ball, location: 2F
0-2: Ball
1-2: SINGLE (Groundball, 6MD, EV 94.4 MPH)
Batting: RHB Orlando Arcia 0-0: Ground out 4-3 (Groundball, 4S, EV 68.8 MPH)
Rene Rivera to second
Batting: RHB Albert Almora 0-0: Ball
1-0: Called Strike
1-1: Ground out 6-3 (Groundball, 6, EV 80.0 MPH)
Batting: LHB Joey Votto 0-0: Ball
1-0: Ball
2-0: Ball
3-0: Base on Balls
Batting: LHB Daniel Murphy 0-0: Ball
1-0: Foul Ball, location: 2F
1-1: Called Strike
1-2: Foul Ball, location: 2F
1-2: Ball
2-2: Ground out 4-3 (Groundball, 34D, EV 103.1 MPH)
Top of the 3rd over - 0 runs, 1 hit, 0 errors, 2 left on base; Baltimore 0 - Los Angeles 0
BOTTOM OF THE 3RD
Los Angeles Angels batting - Pitching for Baltimore Orioles : LHP Cole Hamels
Batting: LHB Kevin Kiermaier 0-0: Ball
1-0: Foul Ball, location: 2F
1-1: Foul Ball, location: 2F
1-2: Ball
2-2: Strikes out looking
Batting: RHB Mike Zunino 0-0: Foul Ball, location: 2F
0-1: Ball
1-1: DOUBLE (Flyball, 78XD, EV 106.3 MPH)
Batting: RHB Wil Myers 0-0: TRIPLE (Line Drive, 78XD, EV 100.6 MPH)
Mike Zunino scores
Batting: LHB Nick Markakis 0-0: Ball
1-0: Ball
2-0: Called Strike
2-1: Fly out, F7 (Flyball, 7D, EV 88.8 MPH)
Runner from 3rd tags up, SCORES, throw by LF
Batting: RHB Wilmer Flores 0-0: Called Strike
0-1: Ball
1-1: Fly out, F7 (Flyball, 78M, EV 80.0 MPH)
Bottom of the 3rd over - 2 runs, 2 hits, 0 errors, 0 left on base; Baltimore 0 - Los Angeles 2
TOP OF THE 4TH
Baltimore Orioles batting - Pitching for Los Angeles Angels : RHP Carlos Martinez
Batting: RHB Andrew McCutchen 0-0: Ball
1-0: Ball
2-0: Swinging Strike
2-1: Ball
3-1: Foul Ball, location: 2F
3-2: Foul Ball, location: 2F
3-2: Foul Ball, location: 2F
3-2: Foul Ball, location: 2F
3-2: Strikes out swinging
Batting: LHB Nomar Mazara 0-0: Ball
1-0: Ball
2-0: Fly out, F8 (Flyball, 8LM, EV 79.4 MPH)
Batting: RHB Maikel Franco 0-0: Called Strike
0-1: Foul Ball, location: 2F
0-2: Foul Ball, location: 2F
0-2: Foul Ball, location: 2F
0-2: Ball
1-2: Fly out, F7 (Line Drive, 7LM, EV 105.0 MPH)
Top of the 4th over - 0 runs, 0 hits, 0 errors, 0 left on base; Baltimore 0 - Los Angeles 2
BOTTOM OF THE 4TH
Los Angeles Angels batting - Pitching for Baltimore Orioles : LHP Cole Hamels
Batting: RHB Trevor Story 0-0: Fly out, F9 (Flyball, 9LSF, EV 78.8 MPH)
Batting: RHB Evan Longoria 0-0: Foul Ball, location: 2F
0-1: Ball
1-1: Ground out 5-3 (Groundball, 56S, EV 83.8 MPH)
Batting: LHB Joey Wendle 0-0: Called Strike
0-1: Ball
1-1: Hit by Pitch
Batting: RHB Kevin Pillar 0-0: Hit by Pitch
Joey Wendle to second
Batting: LHB Kevin Kiermaier 0-0: 3-RUN HOME RUN (Flyball, 9D, EV 113.1 MPH), Distance : 373 ft
Batting: RHB Mike Zunino 0-0: Ball
1-0: Ball
2-0: Ball
3-0: Base on Balls
Batting: RHB Wil Myers 0-0: Called Strike
0-1: Ball
1-1: Fielders Choice at 2nd, 5-4 (Groundball, 56, EV 103.8 MPH)
Bottom of the 4th over - 3 runs, 1 hit, 0 errors, 1 left on base; Baltimore 0 - Los Angeles 5
TOP OF THE 5TH
Baltimore Orioles batting - Pitching for Los Angeles Angels : RHP Carlos Martinez
Batting: SHB Dexter Fowler 0-0: Called Strike
0-1: Ball
1-1: Ball
2-1: Ball
3-1: Foul Ball, location: 2F
3-2: Foul Ball, location: 2F
3-2: Base on Balls
Batting: RHB Rene Rivera 0-0: Ball
1-0: Swinging Strike
1-1: Called Strike
1-2: Strikes out swinging
Batting: RHB Orlando Arcia 0-0: Ball
1-0: Ball
2-0: Foul Ball, location: 2F
2-1: Called Strike
2-2: Foul Ball, location: 2F
2-2: Strikes out looking
Batting: RHB Albert Almora 0-0: Called Strike
0-1: SINGLE (Line Drive, 6D, EV 101.9 MPH)
Dexter Fowler to second
Batting: LHB Joey Votto 0-0: Ball
1-0: Ball
2-0: Called Strike
2-1: Ball
3-1: Base on Balls
Dexter Fowler to third
Albert Almora to second
Batting: LHB Daniel Murphy 0-0: Ball
1-0: Ball
2-0: SINGLE (Flyball, 78M, EV 90.0 MPH)
Dexter Fowler scores
Albert Almora to third
Joey Votto to second
Runner from 3rd tries for Home, SAFE, throw by LF to home
Batting: RHB Andrew McCutchen 0-0: Ball
1-0: Called Strike
1-1: Fielders Choice at 2nd, 5-4 (Groundball, 56, EV 106.3 MPH)
Top of the 5th over - 2 runs, 2 hits, 0 errors, 2 left on base; Baltimore 2 - Los Angeles 5
BOTTOM OF THE 5TH
Los Angeles Angels batting - Pitching for Baltimore Orioles : LHP Cole Hamels
Batting: LHB Nick Markakis 0-0: Called Strike
0-1: Hit by Pitch
Batting: RHB Wilmer Flores 0-0: SINGLE (Groundball, 4MD, EV 105.6 MPH)
Nick Markakis to second
Pitching: RHP R.J. Alaniz
Batting: RHB Trevor Story 0-0: Called Strike
0-1: Foul Ball, location: 2F
0-2: Foul Ball, location: 2F
0-2: Foul Ball, location: 2F
0-2: Foul Ball, location: 2F
0-2: Ball
1-2: Ball
2-2: Ball
3-2: Foul Ball, location: 2F
3-2: Strikes out swinging
Batting: RHB Evan Longoria 0-0: Swinging Strike
0-1: Called Strike
0-2: Strikes out swinging
Batting: LHB Joey Wendle 0-0: Ball
1-0: Ball
2-0: Called Strike
2-1: Ball
3-1: Ground out 6-3 (Groundball, 56, EV 100.0 MPH)
Bottom of the 5th over - 0 runs, 1 hit, 0 errors, 2 left on base; Baltimore 2 - Los Angeles 5
TOP OF THE 6TH
Baltimore Orioles batting - Pitching for Los Angeles Angels : RHP Carlos Martinez
Pitching: RHP Sam Dyson
Batting: LHB Nomar Mazara 0-0: Called Strike
0-1: Ball
1-1: Ball
2-1: Swinging Strike
2-2: Strikes out swinging
Batting: RHB Maikel Franco 0-0: Fly out, F8 (Flyball, 8RXD, EV 95.6 MPH)
Batting: SHB Dexter Fowler 0-0: Ball
1-0: Fly out, F8 (Line Drive, 8RD, EV 94.4 MPH)
Top of the 6th over - 0 runs, 0 hits, 0 errors, 0 left on base; Baltimore 2 - Los Angeles 5
BOTTOM OF THE 6TH
Los Angeles Angels batting - Pitching for Baltimore Orioles : RHP R.J. Alaniz
Batting: RHB Kevin Pillar 0-0: Ball
1-0: Ball
2-0: DOUBLE (Line Drive, 89D, EV 112.5 MPH)
Pitching: RHP Brandon Morrow
Batting: LHB Kevin Kiermaier 0-0: Ball
1-0: Called Strike
1-1: Swinging Strike
1-2: Strikes out swinging
Batting: RHB Mike Zunino 0-0: Foul Ball, location: 2F
0-1: Ball
1-1: Foul Ball, location: 2F
1-2: Strikes out swinging
Batting: RHB Wil Myers 0-0: Ground out 1-3 (Groundball, 15S, EV 61.3 MPH)
Bottom of the 6th over - 0 runs, 1 hit, 0 errors, 1 left on base; Baltimore 2 - Los Angeles 5
TOP OF THE 7TH
Baltimore Orioles batting - Pitching for Los Angeles Angels : RHP Sam Dyson
Pitching: RHP Chaz Roe
Batting: RHB Rene Rivera 0-0: Ball
1-0: Fly out, F8 (Line Drive, 8LM, EV 104.4 MPH)
Batting: RHB Orlando Arcia 0-0: Ball
1-0: Swinging Strike
1-1: Called Strike
1-2: Strikes out swinging
Batting: RHB Albert Almora 0-0: Foul Ball, location: 2F
0-1: SINGLE (Groundball, 6MD, EV 95.0 MPH)
Batting: LHB Joey Votto 0-0: Called Strike
0-1: Swinging Strike
0-2: Fly out, F8 (Flyball, 8RXD, EV 108.8 MPH)
Top of the 7th over - 0 runs, 1 hit, 0 errors, 1 left on base; Baltimore 2 - Los Angeles 5
BOTTOM OF THE 7TH
Los Angeles Angels batting - Pitching for Baltimore Orioles : RHP Brandon Morrow
Pitching: RHP Jimmie Sherfy
Batting: LHB Nick Markakis 0-0: DOUBLE (Line Drive, 9LM, EV 104.4 MPH)
Batting: RHB Wilmer Flores 0-0: Called Strike
0-1: Foul Ball, location: 2F
0-2: Strikes out swinging, 2-3 out at first.
Batting: RHB Trevor Story 0-0: Ball
1-0: Foul Ball, location: 2F
1-1: Swinging Strike
1-2: Strikes out swinging
Batting: RHB Evan Longoria 0-0: Ball
1-0: Swinging Strike
1-1: Foul Ball, location: 2F
1-2: Strikes out looking
Bottom of the 7th over - 0 runs, 1 hit, 0 errors, 1 left on base; Baltimore 2 - Los Angeles 5
TOP OF THE 8TH
Baltimore Orioles batting - Pitching for Los Angeles Angels : RHP Chaz Roe
Pitching: RHP Jeurys Familia
Batting: LHB Daniel Murphy 0-0: Fly out, F9 (Flyball, 9S, EV 89.4 MPH)
Batting: RHB Andrew McCutchen 0-0: Ball
1-0: Ball
2-0: Ball
3-0: Base on Balls
Batting: LHB Nomar Mazara 0-0: Swinging Strike
0-1: Ball
1-1: Ball
2-1: Swinging Strike
2-2: Foul Ball, location: 2F
2-2: Ball
3-2: Strikes out looking
Batting: RHB Maikel Franco 0-0: Called Strike
0-1: Swinging Strike
0-2: Ball
1-2: Ball
2-2: Strikes out swinging
Top of the 8th over - 0 runs, 0 hits, 0 errors, 1 left on base; Baltimore 2 - Los Angeles 5
BOTTOM OF THE 8TH
Los Angeles Angels batting - Pitching for Baltimore Orioles : RHP Jimmie Sherfy
Pitching: RHP Joe Jimenez
Batting: LHB Joey Wendle 0-0: Ball
1-0: Called Strike
1-1: Ball
2-1: Ground out U3 (Groundball, 3S, EV 80.0 MPH)
Batting: RHB Kevin Pillar 0-0: Ball
1-0: Called Strike
1-1: Foul Ball, location: 2F
1-2: Ball
2-2: Foul Ball, location: 2F
2-2: Ball
3-2: Foul Ball, location: 2F
3-2: Strikes out swinging
Batting: LHB Kevin Kiermaier 0-0: Called Strike
0-1: Foul Ball, location: 2F
0-2: Ball
1-2: Ground out 3-1 (Groundball, 3S, EV 76.3 MPH)
Bottom of the 8th over - 0 runs, 0 hits, 0 errors, 0 left on base; Baltimore 2 - Los Angeles 5
TOP OF THE 9TH
Baltimore Orioles batting - Pitching for Los Angeles Angels : RHP Jeurys Familia
Pitching: LHP Aroldis Chapman
Batting: SHB Dexter Fowler 0-0: SOLO HOME RUN (Flyball, 9LD, EV 100.6 MPH), Distance : 351 ft
Batting: RHB Rene Rivera 0-0: Called Strike
0-1: Ball
1-1: Foul Ball, location: 2F
1-2: Ball
2-2: Strikes out swinging
Batting: RHB Orlando Arcia 0-0: Ball
1-0: Swinging Strike
1-1: Foul Ball, location: 2F
1-2: Strikes out looking
Batting: RHB Albert Almora 0-0: Fly out, F9 (Line Drive, 9, EV 101.3 MPH)
Top of the 9th over - 1 run, 1 hit, 0 errors, 0 left on base; Baltimore 3 - Los Angeles 5
Friday, November 1st, 2019 - OOTP Baseball 20.6 Build 55